 Dungeon Crawl Stone Soup version 0.23.2-1-ga50397a6bc (webtiles) character file.

Game seed: 7263106629092676450

550 Foic the Magician (level 7, 0/47 HPs)
             Began as a Mummy Necromancer on May 17, 2019.
             Slain by Prince Ribbit (2 damage)
             ... on level 5 of the Dungeon.
             The game lasted 00:34:01 (5802 turns).

Foic the Magician (Mummy Necromancer)               Turns: 5802, Time: 00:34:01

Health: 0/47       AC:  3    Str: 11    XL:     7   Next: 7%
Magic:  9/17       EV: 11    Int: 17    God:
Gold:   171        SH:  0    Dex: 12    Spells: 6/20 levels left

rFire    x . .     SeeInvis .   k - staff of poison
rCold    + . .     Gourm    .   (no shield)
rNeg     + + +     Faith    .   d - +0 leather armour
rPois    ∞         Spirit   .   (no helmet)
rElec    .         Reflect  .   (no cloak)
rCorr    .         Harm     .   (no gloves)
MR       .....                  (no boots)
Stlth    ++........             (no amulet)
HPRegen  0.15/turn              (no ring)
MPRegen  0.15/turn              (no ring)

@: very slightly contaminated
A: no food or potions, fire vulnerability, cold resistance 1, negative energy
resistance 3, torment resistance, unbreathing
a: no special abilities


You were on level 5 of the Dungeon.
You were not hungry.

You visited 1 branch of the dungeon, and saw 5 of its levels.

You collected 171 gold pieces.

Inventory:

Missiles
 c - 147 stones (quivered)
 e - 6 silver javelins
Armour
 a - a +0 robe
 d - a +0 leather armour (worn)
Magical Staves
 k - an uncursed staff of poison (weapon)
Jewellery
 g - an uncursed amulet of guardian spirit
 i - an uncursed ring of flight
 o - a cursed -3 ring of slaying {unknown}
Scrolls
 b - 2 scrolls of identify
 f - 2 scrolls of magic mapping {unknown}
 h - 2 scrolls of blinking
 j - a scroll of remove curse
 l - a scroll of enchant armour {unknown}
 m - a scroll of enchant weapon {unknown}
 n - a scroll of immolation {unknown}


   Skills:
 + Level 0.9 Fighting
 + Level 1.5 Armour
 + Level 1.7 Dodging
 + Level 1.6 Stealth
 * Level 7.2 Spellcasting
 + Level 0.9 Conjurations
 + Level 0.3 Hexes
 + Level 5.4 Necromancy
 * Level 0.2 Translocations


You had 6 spell levels left.
You knew the following spells:

 Your Spells              Type           Power        Failure   Level  Hunger
a - Pain                  Necr           ###.         1%          1    N/A
b - Slow                  Hex            #.......     21%         2    N/A
c - Vampiric Draining     Necr           ###.......   4%          3    N/A
d - Confusing Touch       Hex            #.....       13%         1    N/A
e - Animate Dead          Necr           N/A          16%         4    N/A
f - Magic Dart            Conj           #...         11%         1    N/A
g - Blink                 Tloc           N/A          21%         2    N/A

Your spell library contained the following spells:

 Spells                   Type           Power        Failure   Level  Hunger
 Animate Skeleton         Necr           N/A          1%          1    N/A
 Call Imp                 Summ           #.......     22%         2    N/A
 Confuse                  Hex            #.......     36%         3    N/A
 Conjure Flame            Conj/Fire      #.......     36%         3    N/A
 Mephitic Cloud           Conj/Pois/Air  ##......     36%         3    N/A
 Gell's Gravitas          Tloc           #.........   38%         3    N/A
 Petrify                  Tmut/Erth      #.......     83%         4    N/A
 Metabolic Englaciation   Hex/Ice        #.........   98%         5    N/A
 Yara's Violent Unravell  Hex/Tmut       #.........   98%         5    N/A
 Regeneration             Chrm/Necr      Unusable     N/A         3    N/A

Dungeon Overview and Level Annotations

Branches:
Dungeon (5/15)
 Temple: D:4-7

Altars:
Ashenzari
Dithmenos
Okawaru
Qazlal
Uskayaw
Yredelemnul
Zin

Shops:
D:2 *

Annotations:
D:4 3 runed translucent doors, bpy6's ghost, novice TrHu
D:5 Prince Ribbit


Innate Abilities, Weirdness & Mutations

You do not eat or drink.
Your flesh is vulnerable to fire.
You are immune to poison.
Your flesh is cold resistant. (rC+)
You are immune to negative energy. (rN+++)
You are immune to unholy pain and torment.
You can survive without breathing.


Message History

Prince Ribbit blinks! x2
Prince Ribbit hits you.
* * * LOW HITPOINT WARNING * * *
Casting: Blink (safe; 21% risk of failure)
Confirm with . or Enter, or press ? or * to list all spells.
Aiming: Vampiric Draining (safe; 4% risk of failure)
Press: ? - help, Shift-Dir - straight line, f/p - Prince Ribbit
Aim: Prince Ribbit Prince Ribbit is lightly wounded.
You feel life coursing into your body. Prince Ribbit barely misses you.
Casting: Vampiric Draining (safe; 4% risk of failure)
Confirm with . or Enter, or press ? or * to list all spells.
Aiming: Vampiric Draining (safe; 4% risk of failure)
Press: ? - help, Shift-Dir - straight line, f/p - Prince Ribbit
Aim: Prince Ribbit (lightly wounded) Prince Ribbit is moderately wounded.
You feel life coursing into your body. Prince Ribbit hits you!
* * * LOW HITPOINT WARNING * * *
Prince Ribbit hits you.
You die...

## ## #####... #. ......
##.## #... #####...###.#
#..# . ......#.....# #..# #
#..F##### #..# # ##@## #..#
# ########.# #.^# #
#..§.....# #..# # #
#.###############..# #
#.#.#########........######
#......F......######.......
###.########### ########
...# #####


You could see Prince Ribbit.

Vanquished Creatures
  Sigmund (D:3)
  A scorpion (D:3)
  A howler monkey (D:4)
  A crimson imp (D:4)
  A bullfrog zombie (D:4)
  An orc priest (D:4)
  3 worker ants
  3 gnolls
  2 adders (D:2)
  2 worms (D:4)
  4 leopard geckos
  14 orcs
  2 ball pythons
  8 bats
  3 giant cockroaches
  5 goblins
  6 hobgoblins
  4 jackals (D:1)
  A quokka (D:2)
  2 frilled lizards
  3 kobolds
  A quokka skeleton (D:4)
  3 rats
72 creatures vanquished.

Vanquished Creatures (collateral kills)
  An adder skeleton (D:4)
1 creature vanquished.

Grand Total: 73 creatures vanquished

Notes
Turn   | Place    | Note
-------+----------+-------------------------------------------
     0 | D:1      | Foic the Mummy Necromancer began the quest for the Orb.
     0 | D:1      | Reached XP level 1. HP: 13/13 MP: 4/4
     2 | D:1      | Learned a level 1 spell: Animate Skeleton
   211 | D:1      | Reached skill level 3 in Spellcasting
   211 | D:1      | Reached XP level 2. HP: 19/19 MP: 1/6
   617 | D:1      | Reached XP level 3. HP: 24/24 MP: 0/8
   622 | D:1      | Learned a level 3 spell: Vampiric Draining
  1315 | D:2      | Found Zin's Purification Station.
  1315 | D:2      | Found a glowing silver altar of Zin.
  1360 | D:2      | Reached skill level 4 in Spellcasting
  1793 | D:2      | Learned a level 1 spell: Confusing Touch
  1949 | D:3      | Noticed a scorpion
  1961 | D:3      | Killed a scorpion
  1961 | D:3      | Reached skill level 5 in Spellcasting
  1961 | D:3      | Reached XP level 4. HP: 20/30 MP: 0/11
  2077 | D:3      | Found a stormy altar of Qazlal.
  2087 | D:3      | Reached skill level 5 in Necromancy
  2317 | D:3      | Reached XP level 5. HP: 21/36 MP: 0/12
  2616 | D:3      | Learned a level 4 spell: Animate Dead
  2796 | D:3      | Found a shattered altar of Ashenzari.
  2848 | D:3      | Found a shadowy altar of Dithmenos.
  3033 | D:3      | Noticed Sigmund
  3050 | D:3      | Learned a level 1 spell: Magic Dart
  3053 | D:3      | Learned a level 2 spell: Blink
  3057 | D:3      | Learned a level 2 spell: Slow
  3397 | D:4      | Found a hide-covered altar of Uskayaw.
  3626 | D:4      | Noticed bpy6's ghost (novice TrHu)
  3815 | D:3      | Killed Sigmund
  3815 | D:3      | Reached skill level 6 in Spellcasting
  3815 | D:3      | Reached XP level 6. HP: 33/42 MP: 3/15
  3822 | D:3      | Learned a level 2 spell: Call Imp
  4541 | D:4      | Reached skill level 1 in Armour
  5008 | D:4      | Found a basalt altar of Yredelemnul.
  5188 | D:4      | Found a runed translucent gate.
  5188 | D:4      | Found a runed translucent gate.
  5188 | D:4      | Found a runed translucent gate.
  5232 | D:4      | Reached skill level 7 in Spellcasting
  5437 | D:4      | Reached XP level 7. HP: 47/47 MP: 10/17
  5526 | D:4      | Found an iron altar of Okawaru.
  5665 | D:5      | Entered Level 5 of the Dungeon
  5747 | D:5      | Noticed Prince Ribbit
  5802 | D:5      | HP: 2/47 [Prince Ribbit (17)]
  5802 | D:5      | Slain by Prince Ribbit

Skill      XL: |  1  2  3  4  5  6 |
---------------+-------------------+-----
Spellcasting   | 3 5 6 7 |  7.2
Necromancy     | 5 |  5.4
Armour         | 1 |  1.5
Fighting       | |  0.9
Dodging        | |  1.7
Stealth        | |  1.6
Conjurations   | |  0.9
Hexes          | |  0.3
Translocations | |  0.2

Action                   |  1- 3 |  4- 6 |  7- 9 || total
-------------------------+-------+-------+-------++-------
Melee: Unarmed           |     3 |     4 |       ||     7
       Staff             |       |     3 |       ||     3
 Cast: Pain              |    79 |    80 |    11 ||   170
       Animate Skeleton  |    15 |       |       ||    15
       Confusing Touch   |     3 |     7 |       ||    10
       Vampiric Draining |       |     6 |     2 ||     8
       Magic Dart        |       |   117 |     2 ||   119
       Animate Dead      |       |     7 |     1 ||     8
       Slow              |       |     3 |     1 ||     4
       Call Imp          |       |     4 |       ||     4
       Blink             |       |       |     1 ||     1
  Use: Scroll            |     4 |     4 |     1 ||     9
Armor: Robe              |     2 |       |       ||     2
       Leather armour    |     1 |    20 |     2 ||    23
Dodge: Dodged            |    10 |    69 |     6 ||    85
